Map: Eternal Empire LE

Players

cure

  • Race: Terran Terran
  • Spawn Location: 7:00

uwuThermal (uThermal) - Winner!

  • Race: Terran Terran
  • League: Master
  • Spawn Location: 1:00

VOD

https://www.youtube.com/watch?v=cPGbbGQOd4E

Description

Uthermal's implementing Innovation's reaper FE build into 1-1 stim shield push.
I upload it here to get SALT encoding to practice

Time

  • Played on: July 29, 2020, 10:28 a.m.
  • Length: 11:09
Show
View Real Time Build Order
Export as new Build Order

cure Terran 

Build Orders: Reaper Expand 

Get SALT Encoding   

  12  0:00  SCV  
  13  0:12  SCV  
  14  0:17  Supply Depot  
  14  0:24  SCV  
  15  0:38  SCV  
  15  0:40  Barracks  
  16  0:43  Refinery  
  16  0:50  SCV  
  17  1:02  SCV  
  18  1:15  SCV  
  19  1:27  Orbital Command  
  19  1:28  Reaper  
  20  1:52  Command Center  
  20  1:54  Supply Depot, SCV  
  21  2:00  Reaper  
  21  2:01  Refinery  
  22  2:06  SCV  
  23  2:18  SCV  
  23  2:21  Factory  
  24  2:30  SCV  
  24  2:35  Barracks Reactor  
  25  2:42  SCV  
  26  2:54  Command Center, SCV  
  27  3:06  SCV, Starport  
  27  3:07  Factory Tech Lab  
  28  3:18  Marine, Orbital Command  
  28  3:19  Marine  
  29  3:22  SCV  
  30  3:34  SCV, Refinery  
  31  3:37  Factory Tech Lab  
  31  3:40  Marine x2  
  33  3:45  SCV  
  33  3:46  SCV  
  35  3:50  Banshee  
  37  3:57  SCV  
  37  3:58  SCV, Cyclone  
  37  4:00  Marine  
  37  4:01  Marine  
  43  4:10  Orbital Command  
  43  4:13  SCV  
  43  4:15  SCV  
  45  4:18  Marine  
  45  4:19  Marine  
  47  4:25  SCV  
  47  4:26  Orbital Command  
  47  4:27  SCV  
  47  4:31  Supply Depot  
  49  4:33  Raven  
  49  4:34  Siege Tank  
  49  4:38  SCV  
  55  4:39  SCV  
  55  4:40  Marine  
  55  4:44  Refinery  
  57  4:50  SCV  
  57  4:51  Supply Depot, SCV  
  59  4:54  SCV  
  59  4:59  Supply Depot, Marine  
  60  5:00  Marine  
  60  5:02  SCV  
  60  5:03  SCV  
  60  5:07  SCV, Siege Tank  
  68  5:14  SCV  
  68  5:16  SCV  
  68  5:19  SCV  
  71  5:26  SCV  
  71  5:28  SCV  
  73  5:31  Barracks  
  73  5:33  Barracks  
  73  5:34  Stimpack, Marine  
  71  5:38  Starport Reactor  
  71  5:39  SCV, Engineering Bay x2  
  71  5:40  SCV x2, Siege Tank  
  77  5:50  Supply Depot x2  
  77  5:53  SCV, Barracks  
  77  5:54  SCV, Barracks  
  79  5:57  SCV  
  79  6:00  Marine  
  81  6:05  Terran Infantry Armor Level 1, Terran Infantry Weapons Level 1  
  81  6:06  Supply Depot  
  81  6:08  SCV  
  81  6:09  SCV  
  81  6:10  SCV  
  84  6:16  Siege Tank  
  87  6:20  SCV, Starport Reactor  
  87  6:21  SCV  
  87  6:22  SCV  
  88  6:27  Marine x4  
  92  6:34  Marine  
  92  6:36  Missile Turret  
  92  6:38  SCV x2  
  92  6:39  SCV, Missile Turret  
  96  6:42  Barracks Reactor x2  
  96  6:46  Refinery  
  96  6:48  Sensor Tower  
  96  6:50  Supply Depot  
  96  6:54  SCV x3  
  97  6:56  Medivac  
  97  6:57  Medivac  
  97  7:00  Refinery  
  103  7:02  Armory  
  103  7:06  SCV x3  
  106  7:13  Supply Depot, Combat Shield  
  106  7:14  Supply Depot, Marine x2  
  106  7:15  Marine x3  
  111  7:16  Siege Tank  
  114  7:23  Marine x3  
  114  7:25  Marine  
  117  7:35  SCV x3, Marine x5  
  125  7:37  Supply Depot x2  
  125  7:41  Marine x3  
  125  7:43  Medivac x2  
  132  7:52  Marine  
  132  7:53  Marine x3  
  132  7:55  Command Center  
  132  7:58  Siege Tank  
  132  8:00  Marine  
  132  8:01  Marine  
  137  8:08  Marine x3  
  137  8:10  Marine  
  136  8:18  Medivac x2  
  137  8:20  Marine x4  
  137  8:25  Supply Depot  
  137  8:26  Supply Depot  
  141  8:28  Engineering Bay  
  141  8:29  Engineering Bay  
  141  8:33  Orbital Command  
  141  8:47  Marine x3  
  141  8:48  Marine x3  
  141  8:50  Marine x3  
  141  8:53  SCV x2  
  135  9:01  Refinery  
  135  9:03  SCV, Refinery  
  135  9:05  SCV x2, Marine  
  138  9:10  Sensor Tower  
  138  9:14  Terran Vehicle Weapons Level 1  
  138  9:19  SCV x2  
  138  9:20  SCV  
  140  9:26  Marine x6  
  140  9:27  Marine x2  
  140  9:29  Barracks Reactor  
  148  9:36  SCV x2  
  148  9:37  SCV  
  151  9:42  Siege Tank  
  151  9:43  Marine x2  
  151  9:44  Factory  
  156  9:48  Missile Turret  
  156  9:49  Missile Turret  
  156  9:54  Supply Depot, Marine x2  
  156  9:55  Marine  
  156  9:56  Marine x2  
  156  9:57  Marine  
  150  10:01  Marine x2  
  136  10:08  SCV x3  
  136  10:09  Marine x2  
  136  10:12  Marine  
  136  10:13  Marine  
  140  10:14  Marine  
  140  10:17  Planetary Fortress  
  140  10:18  Marine x3  
  140  10:19  Marine, Siege Tank  
  140  10:20  SCV x2  
  150  10:23  Medivac x2  
  150  10:25  SCV  
  155  10:32  SCV  
  156  10:35  SCV  
  156  10:37  Supply Depot x2  
  156  10:39  Supply Depot  
  156  10:40  Supply Depot  
  156  10:49  Marine  
  156  10:50  Marine x3  
Show
View Real Time Build Order
Export as new Build Order

uwuThermal Terran - Winner!

Build Orders: Reaper Expand 

Get SALT Encoding   

  12  0:00  SCV  
  13  0:12  SCV  
  14  0:17  Supply Depot  
  14  0:24  SCV  
  15  0:38  SCV  
  15  0:40  Barracks  
  16  0:44  Refinery  
  16  0:50  SCV  
  17  1:03  SCV  
  18  1:15  SCV  
  19  1:28  Reaper, Orbital Command  
  20  1:43  Command Center  
  21  1:54  SCV  
  21  2:00  Supply Depot, Marine  
  22  2:06  SCV  
  23  2:10  Factory  
  22  2:18  SCV  
  22  2:20  Barracks Reactor  
  23  2:24  Refinery  
  23  2:30  SCV  
  24  2:42  SCV  
  24  2:54  SCV, Starport, Hellion  
  24  2:55  Orbital Command  
  24  2:56  Marine  
  24  2:57  Marine  
  29  3:06  SCV  
  29  3:14  Marine  
  29  3:15  Marine  
  29  3:19  SCV, Factory Tech Lab  
  31  3:22  SCV  
  32  3:31  SCV  
  32  3:33  Marine x2  
  35  3:34  SCV  
  35  3:40  Starport Tech Lab, Cyclone  
  39  3:43  SCV  
  39  3:46  SCV  
  39  3:48  Supply Depot  
  41  3:52  Marine x2  
  41  3:55  SCV  
  44  3:58  Supply Depot, SCV  
  45  4:07  SCV  
  45  4:09  Raven  
  46  4:12  SCV, Marine x2  
  49  4:20  Siege Tank  
  49  4:21  SCV  
  49  4:24  SCV  
  54  4:28  Command Center  
  54  4:33  SCV  
  54  4:34  Marine x2  
  54  4:36  SCV  
  54  4:37  Supply Depot  
  58  4:43  Refinery  
  58  4:44  Refinery  
  58  4:45  SCV  
  59  4:48  SCV  
  60  4:57  SCV  
  60  4:59  Siege Tank  
  64  5:00  Starport Reactor  
  64  5:01  Barracks  
  64  5:03  Barracks  
  64  5:05  SCV  
  64  5:06  Marine  
  66  5:11  Stimpack  
  66  5:12  Supply Depot  
  66  5:13  SCV  
  67  5:17  SCV  
  66  5:24  Marine  
  66  5:25  SCV  
  68  5:29  SCV  
  68  5:31  Engineering Bay x2  
  68  5:33  Siege Tank  
  71  5:37  Supply Depot  
  71  5:42  Orbital Command  
  71  5:45  Marine, Starport Reactor  
  71  5:46  SCV  
  71  5:48  SCV  
  71  5:49  Marine  
  75  5:50  Marine  
  76  5:58  SCV  
  76  6:00  Marine x2  
  76  6:02  Terran Infantry Armor Level 1, Terran Infantry Weapons Level 1  
  76  6:03  SCV  
  80  6:05  Orbital Command  
  80  6:08  Siege Tank  
  80  6:10  SCV, Marine  
  80  6:11  Marine  
  86  6:13  Marine  
  86  6:15  SCV  
  86  6:18  Supply Depot, Marine  
  88  6:22  SCV  
  88  6:24  Medivac x2  
  94  6:27  SCV, Marine  
  94  6:31  Marine  
  94  6:32  Supply Depot, SCV  
  98  6:34  SCV  
  98  6:39  Supply Depot, Marine  
  100  6:40  Marine x2, Siege Tank  
  100  6:45  Supply Depot, SCV, Marine  
  100  6:46  SCV  
  108  6:47  SCV  
  109  6:55  Combat Shield  
  109  6:56  Barracks  
  109  6:57  Barracks  
  109  6:59  Medivac  
  111  7:02  Medivac  
  111  7:04  SCV, Marine  
  111  7:06  Refinery x2, Marine  
  111  7:07  Marine  
  117  7:10  Marine  
  117  7:12  Siege Tank  
  117  7:14  Marine  
  117  7:15  Supply Depot  
  122  7:18  SCV  
  122  7:19  Armory  
  122  7:20  SCV  
  122  7:21  SCV  
  122  7:22  Marine  
  125  7:24  Marine  
  125  7:27  Marine  
  125  7:29  Medivac  
  130  7:31  Supply Depot, SCV  
  130  7:32  SCV, Marine  
  130  7:35  Marine  
  130  7:36  Medivac  
  135  7:40  Marine  
  135  7:42  Marine  
  137  7:46  SCV, Marine  
  137  7:49  Barracks Reactor x2  
  137  7:50  Supply Depot, SCV  
  140  7:52  Siege Tank  
  140  7:55  Marine x2  
  140  7:56  Supply Depot, SCV  
  142  8:00  Marine  
  142  8:03  SCV  
  142  8:04  Supply Depot, SCV, Marine x2  
  142  8:05  Supply Depot, Medivac  
  148  8:08  SCV  
  147  8:13  Marine  
  147  8:15  SCV  
  147  8:16  SCV  
  147  8:17  Marine  
  147  8:18  Marine  
  147  8:19  Terran Infantry Armor Level 2, Terran Infantry Weapons Level 2  
  150  8:22  Marine x2  
  150  8:25  Medivac  
  150  8:26  Marine x2  
  156  8:30  Marine  
  156  8:33  Marine x2  
  157  8:35  Sensor Tower, Marine  
  157  8:38  Marine  
  157  8:40  Marine x2  
  161  8:41  Siege Tank  
  161  8:45  Terran Vehicle Weapons Level 1  
  161  8:46  Marine  
  161  8:48  Supply Depot  
  165  8:51  Marine  
  165  8:55  Medivac x2  
  152  8:56  Marine  
  152  8:57  Marine  
  152  8:58  Marine  
  152  9:01  Marine x2  
  156  9:06  Marine  
  157  9:10  Marine  
  157  9:13  Command Center, Siege Tank  
  157  9:14  Marine  
  157  9:15  Marine  
  163  9:17  Marine  
  163  9:18  Marine x2  
  163  9:21  Marine  
  167  9:25  Medivac, Marine, Supply Depot  
  167  9:26  Supply Depot  
  167  9:31  Medivac, Marine  
  173  9:41  Marine x2  
  175  9:45  Marine x2, Siege Tank  
  175  9:46  Marine  
  175  9:47  Marine  
  175  9:48  Marine  
  178  9:55  Medivac  
  178  9:57  Marine x2  
  176  10:01  Medivac  
  176  10:02  Marine  
  176  10:04  Marine  
  168  10:07  Marine  
  168  10:11  Marine  
  168  10:13  Marine  
  162  10:16  Marine x3  
  162  10:17  Marine, Factory  
  162  10:18  Siege Tank  
  162  10:20  Marine  
  168  10:22  Marine  
  168  10:25  Medivac, Marine  
  172  10:29  Marine  
  172  10:31  Medivac, Marine  
  172  10:34  Marine x3  
  172  10:35  Marine  
  180  10:41  SCV, Marine  
  180  10:42  Marine  
  183  10:43  Marine  
  183  10:49  Marine  
  183  10:51  Marine  
Tags
 
Add a new tag
Caveats
  • Supply blocks, unpowered buildings, or Contaminate may cause inaccurate times.
  • Supply counts are checked every 10 seconds.